 Dungeon Sprint DCSS version 0.27-a0-773-gaaee5cf45b (webtiles) character file.

Game seed: 16413707125065000438

65 mhtbhm the Cudgeller (level 3, -1/40 HPs)
             Began as a Troll Berserker on Mar 26, 2021.
             Was a Priest of Trog.
             Slain by a phantom (10 damage)
             ... in the Dungeon (Sprint IX: "|||||||||||||||||||||||||||||").
             The game lasted 00:00:20 (165 turns).

mhtbhm the Cudgeller (Troll Berserker)               Turns: 165, Time: 00:00:21

Health: -1/40      AC:  4    Str: 26    XL:     3   Next: 94%
Magic:  2/2        EV: 10    Int:  3    God:    Trog [***...]
Gold:   0          SH:  0    Dex:  9    Spells: 2/2 levels left

rFire    . . .     SeeInvis .   a - +0 mace
rCold    . . .     Faith    .   (no shield)
rNeg     . . .     Spirit   .   b - +0 animal skin
rPois    .         Reflect  .   (helmet restricted)
rElec    .         Harm     .   (no cloak)
rCorr    .         Rampage  .   (gloves unavailable)
Will     .....     NoTele   +   (boots unavailable)
Stlth    +.........             (no amulet)
HPRegen  1.13/turn              (no ring)
MPRegen  0.08/turn              (no ring)

@: berserk cooldown
A: large, unfitting armour, claws 3, regeneration 1, shaggy fur 1, tough skin 1
a: Renounce Religion, Berserk, Trog's Hand


You were in the Dungeon.
You worshipped Trog.
Trog was most pleased with you.
You visited 1 branch

Inventory:

Hand Weapons
 a - a +0 mace (weapon)
Armour
 b - a +0 animal skin (worn)
Scrolls
 h - a scroll of blinking
Potions
 e - a potion of haste
 f - 2 potions of magic
 g - a potion of berserk rage


   Skills:
 + Level 4.3 Fighting
 + Level 5.1 Maces & Flails
 + Level 4.1 Dodging


You had 2 spell levels left.
You didn't know any spells.
Your spell library was empty.

Dungeon Overview and Level Annotations

Branches:
Dungeon (1/1)

Altars:


Innate Abilities, Weirdness & Mutations

You are too large for most types of armour.
You have claws for hands.
Your natural rate of healing is unusually fast.
You are covered in fur. (AC +1)
You have tough skin. (AC +1)


Message History

The iguana barely misses you. The iguana closely misses you.
You closely miss the iguana.
The iguana is heavily wounded.
The iguana misses you. The iguana barely misses you.
You sock the iguana!
The iguana is almost dead.
The iguana barely misses you.
You sock the iguana!
You kill the iguana!
Trog accepts your kill. The phantom hits you.
Your Maces & Flails skill increases to level 5!
Your Dodging skill increases to level 4!
You sock the phantom!
The phantom is moderately damaged.
The phantom hits you. The phantom hits you!
You completely miss the phantom.
The phantom is moderately damaged.
The phantom hits you!
Unknown command.
Unknown command.
You thump the phantom!
The phantom is severely damaged.
The phantom hits you. x2
You barely miss the phantom.
The phantom is severely damaged.
You feel yourself speed up. The phantom hits you!
* * * LOW HITPOINT WARNING * * *
The phantom hits you.
* * * LOW HITPOINT WARNING * * *
You feel better. The phantom hits you.
* * * LOW HITPOINT WARNING * * *
You thump the phantom!
The phantom is almost destroyed.
The phantom barely misses you.
You hit the phantom but do no damage.
The phantom is almost destroyed.
The phantom hits you!
You die...

▓.▓
▓.▓
▓.▓
▓)▓
▓)▓
▓.▓
▓.▓
▓.▓
▓@▓
▓W▓
▓Z▓
▓.▓
▓.▓
▓.▓
▓.▓
▓+▓


You could see a phantom and a bat zombie.

Vanquished Creatures
  A hound (D)
  An iguana (D)
  An ufetubus (D)
  A goblin (D)
  A hobgoblin (D)
  A ball python (D)
  2 kobolds (D)
8 creatures vanquished.

Notes
Turn   | Place    | Note
-------+----------+-------------------------------------------
     0 | D        | mhtbhm the Troll Berserker began the quest for the Orb.
     0 | D        | Reached XP level 1. HP: 22/22 MP: 0/0
    14 | D        | Reached skill level 3 in Maces & Flails
    14 | D        | Reached ** piety under Trog
   129 | D        | Noticed a hound
   129 | D        | Noticed an iguana
   129 | D        | Noticed a phantom
   135 | D        | Reached XP level 2. HP: 31/31 MP: 1/1
   138 | D        | Reached *** piety under Trog
   139 | D        | Reached skill level 4 in Maces & Flails
   139 | D        | Reached XP level 3. HP: 39/39 MP: 2/2
   159 | D        | Reached skill level 5 in Maces & Flails
   165 | D        | Slain by a phantom

Illustrated notes

Levels and vault maps discovered:
D:        linesprint [early_d, line_temple, items_1, d_10, items_2, lair_1,
          lair_end, items_3, orc_1, orc_end, items_4, d_15, swamp_1, shoals_1,
          snake_1, spider_1, d_20, vaults_1, items_5, swamp_end, shoals_end,
          snake_end, spider_end, vaults_end, d_27, items_6, zot_1, zot_end,
          crypt_end, forest_end, elf_end, slime_end, tomb_end, abyss_end,
          pan_hell_end]

Skill      XL: |  1  2  3 |
---------------+----------+-----
Maces & Flails | 3 4 5 |  5.1
Fighting       | 3 4 |  4.3
Dodging        | 3 4 |  4.1

Action                   || total
-------------------------++-------
Melee: Mace              ||    52
Invok: Berserk           ||     1
  Use: Potion            ||     2
Armor: Animal skin       ||    14
Dodge: Dodged            ||    30

Table legend: (Time is in decaauts)
 A = Elapsed time spent in this place.
 B = Non-inter-level travel time spent in this place.
 C = Inter-level travel time spent in this place.
 D = Time resting spent in this place.
 E = Time spent auto-exploring this place.
 F = Levels seen in this place.
 G = Mean time per level.
                   A        B        C        D        E       F      G
               +--------+--------+--------+--------+--------+-----+--------+
         Total |    176 |    176 |      0 |    100 |      0 |   1 |  176.0 |
       Dungeon |    176 |    176 |      0 |    100 |      0 |   1 |  176.0 |
               +--------+--------+--------+--------+--------+-----+--------+

Top non-repeatable levels by time:
       D: 176 daAuts
